 Dungeon Crawl Stone Soup version 0.25-a0-516-g7d600cd9ad (webtiles) character file.

Game seed: 5324890464362485516, levelgen mode: deterministic

692 LSt the Cudgeler (level 7, -3/54 HPs)
             Began as a Gnoll Chaos Knight on Feb 17, 2020.
             Was a Plaything of Xom.
             Slain by a wight
             ... wielding a +5 halberd
              (22 damage)
             ... on level 4 of the Dungeon.
             The game lasted 00:25:51 (4254 turns).

LSt the Cudgeler (Gnoll Chaos Knight)               Turns: 4254, Time: 00:25:52

Health: -3/54      AC:  7    Str: 21    XL:     7   Next: 63%
Magic:  10/10      EV: 12    Int: 16    God:    Xom [.*....]
Gold:   134        SH:  0    Dex: 14    Spells: 11/11 levels left

rFire    . . .     SeeInvis .   u - +4 spear (chaos)
rCold    . . .     Gourm    .   (no shield)
rNeg     . . .     Faith    +   l - +0 ring mail
rPois    .         Spirit   .   (no helmet)
rElec    .         Reflect  .   (no cloak)
rCorr    .         Harm     .   p - +0 pair of gloves
MR       .....     Clarity  +   (no boots)
Stlth    +.........             C - amulet "Haiti" {Faith Str+4}
HPRegen  0.18/turn              (no ring)
MPRegen  0.12/turn              (no ring)

@: lethally poisoned (-3 -> -5), lightly drained
A: distributed training, claws 1, fangs 1, blurry vision 1, clarity, clever 1,
frail 1, strong nose
a: Renounce Religion


You were on level 4 of the Dungeon.
You worshipped Xom.
You were a plaything of Xom.
You were not hungry.

You visited 1 branch of the dungeon, and saw 4 of its levels.

You collected 134 gold pieces.

Inventory:

Hand Weapons
 a - a +0 mace of chaos
 h - a +0 dagger
 u - a +4 spear of chaos (weapon)
 v - a +0 war axe
 y - a +0 flail
 z - a +0 hand crossbow
Missiles
 g - 52 arrows
 k - 14 sling bullets
 m - 112 stones
 q - 3 throwing nets
 r - 5 javelins (quivered)
 w - 2 boomerangs
Armour
 b - a +2 leather armour
 l - a +0 ring mail (worn)
 p - a +0 pair of gloves (worn)
 x - a +0 chain mail
Jewellery
 d - an uncursed ring of teleportation
 C - the amulet "Haiti" (around neck) {Faith Str+4}
   (Xom gifted it to you on level 3 of the Dungeon)

   [amulet of faith]

   It allows you to gain divine favour quickly.
   It affects your strength (+4).
Scrolls
 e - 2 scrolls of teleportation {unknown}
 f - 4 scrolls of identify
 i - a scroll of remove curse
 j - a scroll of enchant weapon {unknown}
 n - a scroll of random uselessness {unknown}
 A - a scroll of fog {unknown}
Potions
 o - a potion of magic
 s - a potion of ambrosia
 t - a potion of haste
Comestibles
 c - 12 rations
 B - 3 chunks of flesh


   Skills:
 + Level 7.1(6.7) Fighting
 + Level 2.5(2.2) Short Blades
 + Level 2.5(2.2) Long Blades
 + Level 2.5(2.2) Axes
 + Level 7.1(6.7) Maces & Flails
 + Level 2.5(2.2) Polearms
 + Level 2.5(2.2) Staves
 + Level 2.5(2.2) Slings
 + Level 2.5(2.2) Bows
 + Level 2.5(2.2) Crossbows
 + Level 2.5(2.2) Throwing
 + Level 5.3(4.9) Armour
 + Level 3.7(3.3) Dodging
 + Level 2.5(2.2) Stealth
 + Level 2.5(2.2) Shields
 + Level 2.5(2.2) Unarmed Combat
 + Level 2.5(2.2) Spellcasting
 + Level 2.1(1.8) Conjurations
 + Level 2.1(1.8) Hexes
 + Level 2.1(1.8) Charms
 + Level 2.1(1.8) Summonings
 + Level 2.1(1.8) Necromancy
 + Level 2.1(1.8) Translocations
 + Level 2.1(1.8) Transmutations
 + Level 2.1(1.8) Fire Magic
 + Level 2.1(1.8) Ice Magic
 + Level 2.1(1.8) Air Magic
 + Level 2.1(1.8) Earth Magic
 + Level 2.1(1.8) Poison Magic
 + Level 2.8(2.5) Invocations
 + Level 2.5(2.2) Evocations


You had 11 spell levels left.
You didn't know any spells.
Your spell library was empty.

Dungeon Overview and Level Annotations

Branches:
Dungeon (4/15)
 Temple: D:4-7

Altars:
Nemelex Xobeh
Qazlal
Ru
Wu Jian
The Shining One

Annotations:
D:2 Sigmund
D:3 vortex


Innate Abilities, Weirdness & Mutations

Your experience applies equally to all skills.
You have very sharp teeth.
Your uncanny sense of smell can sniff out nearby items.
You have sharp fingernails.
Scrolls take you a little longer to read.
You possess an exceptional clarity of mind.
Your mind is acute. (Int +2)
You are frail. (-10% HP)


Message History

Press: ? - help, Dir - move target cursor, f/p - wight
Aim: a wight, wielding a +5 halberd and wearing a +0 robe (lightly damaged, fast)
You reach to attack!
You hit the wight.
The wight seems to grow stronger.
The wight is moderately damaged.
The wight hits you from afar with a +5 halberd!
You feel drained.
Press: ? - help, v - describe, . - travel
Here: a wight, wielding a +5 halberd and wearing a +0 robe (moderately damaged, fast, unusually strong)
The floor.
Press: ? - help, v - describe, . - travel
Here: a wight, wielding a +5 halberd and wearing a +0 robe (moderately damaged, fast, unusually strong)
The floor.
Okay, then.
You feel sick. The wight closely misses you.
You are too injured to fight recklessly!
You closely miss the wight.
The wight is moderately damaged.
The wight misses you. The wight hits you with a +5 halberd!!
You die...
Xom bursts into laughter!

....#.......#######
....#.............#
....#.............#
....##..##..##..### .##
.<...#..######..# ...z..
.....#..........# ......
.....#..........# ......
.....#####+####'######......
...............รท@z........#
..........................#
..........................#
..........................#
######.......###########+##
#.......# #.......#
#.......# #########


You could see a wight.

Vanquished Creatures
  A phantom (D:4)
  A wyvern zombie (D:4)
  2 orc priests
  A hound (D:4)
  3 orc wizards
  2 iguanas
  3 worker ants (D:4)
  Natasha (twice) (D:2)
  8 gnolls
  3 adders
  An ooze (D:4)
  2 worms
  A dart slug (D:4)
  2 leopard geckos
  11 orcs
  2 ball pythons
  2 giant cockroaches
  5 goblins
  8 hobgoblins
  9 jackals
  8 kobolds
  2 quokkas
  A ball python skeleton (D:4)
  8 bats
  5 frilled lizards
  4 rats
97 creatures vanquished.

Vanquished Creatures (others)
  An orc (D:3)
  A jackal (D:3)
  A kobold (D:3)
3 creatures vanquished.

Grand Total: 100 creatures vanquished

Notes
Turn   | Place    | Note
-------+----------+-------------------------------------------
     0 | D:1      | LSt the Gnoll Chaos Knight began the quest for the Orb.
     0 | D:1      | Reached XP level 1. HP: 23/23 MP: 1/1
   135 | D:1      | Reached XP level 2. HP: 29/29 MP: 2/2
   385 | D:1      | XOM: mild Fire miscast
   892 | D:1      | XOM: harmless Tloc miscast
   961 | D:2      | Reached skill level 1 in Invocations
   961 | D:2      | Reached XP level 3. HP: 19/35 MP: 2/4
   980 | D:2      | XOM: silly message
  1000 | D:1      | XOM: harmless Air miscast
  1253 | D:2      | Reached skill level 1 in Short Blades
  1253 | D:2      | Reached skill level 1 in Long Blades
  1253 | D:2      | Reached skill level 1 in Axes
  1253 | D:2      | Reached skill level 1 in Polearms
  1253 | D:2      | Reached skill level 1 in Staves
  1253 | D:2      | Reached skill level 1 in Slings
  1253 | D:2      | Reached skill level 1 in Bows
  1253 | D:2      | Reached skill level 1 in Crossbows
  1253 | D:2      | Reached skill level 1 in Throwing
  1253 | D:2      | Reached skill level 1 in Stealth
  1253 | D:2      | Reached skill level 1 in Shields
  1253 | D:2      | Reached skill level 1 in Unarmed Combat
  1253 | D:2      | Reached skill level 1 in Spellcasting
  1253 | D:2      | Reached skill level 1 in Evocations
  1360 | D:2      | Noticed Sigmund
  1402 | D:2      | Reached XP level 4. HP: 41/41 MP: 5/5
  1434 | D:2      | Found a stormy altar of Qazlal.
  1436 | D:2      | XOM: mild Erth miscast
  1519 | D:2      | Noticed Natasha
  1676 | D:2      | XOM: enchant monster (bad)
  1680 | D:2      | Killed Natasha
  1755 | D:1      | XOM: medium Pois miscast
  1817 | D:2      | Reached skill level 1 in Conjurations
  1817 | D:2      | Reached skill level 1 in Hexes
  1817 | D:2      | Reached skill level 1 in Charms
  1817 | D:2      | Reached skill level 1 in Summonings
  1817 | D:2      | Reached skill level 1 in Necromancy
  1817 | D:2      | Reached skill level 1 in Translocations
  1817 | D:2      | Reached skill level 1 in Transmutations
  1817 | D:2      | Reached skill level 1 in Fire Magic
  1817 | D:2      | Reached skill level 1 in Ice Magic
  1817 | D:2      | Reached skill level 1 in Air Magic
  1817 | D:2      | Reached skill level 1 in Earth Magic
  1817 | D:2      | Reached skill level 1 in Poison Magic
  2102 | D:2      | Noticed Natasha
  2111 | D:2      | Killed Natasha
  2111 | D:2      | Reached XP level 5. HP: 41/47 MP: 6/6
  2325 | D:3      | XOM: confusion
  2414 | D:3      | XOM: mild Tloc miscast
  2415 | D:3      | Noticed a spatial vortex
  2500 | D:3      | XOM: give mutations
  2500 | D:3      | Gained mutation: You are frail. (-10% HP) [Xom's mischief]
  2500 | D:3      | Gained mutation: Your mind is acute. (Int +2) [Xom's
                  | mischief]
  2500 | D:3      | Gained mutation: Scrolls take you a little longer to read.
                  | [Xom's mischief]
  2571 | D:3      | XOM: destruction
  2628 | D:3      | XOM: chaos upgrade
  2628 | D:3      | Paralysed by a gnoll for 2 turns
  2711 | D:3      | You fall into a shaft and drop 1 floor!
  2719 | D:4      | XOM: smoke on damage
  2723 | D:4      | Reached XP level 6. HP: 9/47 MP: 8/8
  2833 | D:4      | XOM: 1-stop teleportation journey
  3028 | D:3      | Reached skill level 5 in Armour
  3035 | D:3      | XOM: smoke on damage
  3112 | D:3      | Found a sacrificial altar of Ru.
  3134 | D:3      | XOM: give mutations
  3134 | D:3      | Gained mutation: You possess an exceptional clarity of
                  | mind. [Xom's grace]
  3134 | D:3      | Gained mutation: You have sharp fingernails. [Xom's grace]
  3227 | D:3      | Found a sparkling altar of Nemelex Xobeh.
  3230 | D:3      | Found an ornate altar of the Wu Jian Council.
  3366 | D:3      | XOM: cloud trail
  3516 | D:3      | XOM: noise
  3604 | D:4      | Reached XP level 7. HP: 53/53 MP: 10/10
  3865 | D:3      | XOM: god gift: glittering jade amulet {god gift}
  3866 | D:3      | Got a glittering jade amulet {god gift}
  3869 | D:3      | Identified the amulet "Haiti" {Faith Str+4} (Xom gifted it
                  | to you on level 3 of the Dungeon)
  3883 | D:3      | XOM: god gift: 10 stones
  3974 | D:4      | Found a glowing golden altar of the Shining One.
  3979 | D:4      | XOM: mild Air miscast
  3991 | D:4      | XOM: 1-stop teleportation journey
  4092 | D:3      | XOM: noise
  4136 | D:4      | XOM: enchant monster (good)
  4254 | D:4      | Slain by a wight

Levels and vault maps discovered:
D:1:      lightli_arrival_chessboard, layout_basic, hangedman_decor_slide_cut
D:2:      layout_loops_ring, old_standard_altar, first_ration, serial_glass,
          glass_columns_a, glass_columns_c, item_on_display_a, feat_on_display,
          item_on_display_a, uniq_natasha, uniq_sigmund
D:3:      layout_loops_ring, grunt_temple_overflow_open
D:4:      layout_gridville, tso_metal_star, minmay_temple_entry_junction

Skill      XL: |  1  2  3  4  5  6  7 |
---------------+----------------------+-----
Invocations    | 1 2 |  2.8
Short Blades   | 1 2 |  2.5
Long Blades    | 1 2 |  2.5
Axes           | 1 2 |  2.5
Polearms       | 1 2 |  2.5
Staves         | 1 2 |  2.5
Slings         | 1 2 |  2.5
Bows           | 1 2 |  2.5
Crossbows      | 1 2 |  2.5
Throwing       | 1 2 |  2.5
Stealth        | 1 2 |  2.5
Shields        | 1 2 |  2.5
Unarmed Combat | 1 2 |  2.5
Spellcasting   | 1 2 |  2.5
Evocations     | 1 2 |  2.5
Conjurations   | 1 2 |  2.1
Hexes          | 1 2 |  2.1
Charms         | 1 2 |  2.1
Summonings     | 1 2 |  2.1
Necromancy     | 1 2 |  2.1
Translocations | 1 2 |  2.1
Transmutations | 1 2 |  2.1
Fire Magic     | 1 2 |  2.1
Ice Magic      | 1 2 |  2.1
Air Magic      | 1 2 |  2.1
Earth Magic    | 1 2 |  2.1
Poison Magic   | 1 2 |  2.1
Dodging        | 3 |  3.7
Armour         | 5 |  5.3
Fighting       | 7 |  7.1
Maces & Flails | 7 |  7.1

Action                   |  1- 3 |  4- 6 |  7- 9 || total
-------------------------+-------+-------+-------++-------
Melee: Mace              |    83 |   113 |       ||   196
       Bite              |     8 |    14 |    10 ||    32
       Spear             |       |    55 |    70 ||   125
       Punch             |       |     1 |     1 ||     2
Throw: Stone             |     2 |     1 |       ||     3
       Javelin           |       |     7 |     2 ||     9
  Use: Scroll            |     2 |     2 |     1 ||     5
       Potion            |       |     1 |       ||     1
 Stab: Paralysed         |       |       |     2 ||     2
       Sleeping          |       |       |     2 ||     2
  Eat: Chunk             |     2 |     7 |     2 ||    11
Armor: Leather armour    |    37 |    10 |       ||    47
       Ring mail         |       |    35 |     7 ||    42
Dodge: Dodged            |    43 |   113 |    31 ||   187

Table legend:
 A = Non-vault XP
 B = Vault XP
 C = Vault XP percentage of total XP
 D = Non-vault monster count
 E = Vault monster count
 F = Vault count percentage of total count
                 A         B        C        D         E       F
            +---------+---------+-------+---------+---------+-------
      Total |     954 |      35 |   3.5 |      96 |       1 |   1.0
            +---------+---------+-------+---------+---------+-------
        D:1 |      31 |       0 |   0.0 |      18 |       0 |   0.0
        D:2 |     108 |      35 |  24.5 |      22 |       1 |   4.3
        D:3 |     255 |       0 |   0.0 |      36 |       0 |   0.0
        D:4 |     560 |       0 |   0.0 |      20 |       0 |   0.0
            +---------+---------+-------+---------+---------+-------
